 Dungeon Crawl Stone Soup version 0.29-a0-194-g6e3aafee17 (webtiles) character file.

Game seed: 16814424457434077510

354 mcwallace the Sneak (level 6, -2/55 HPs)
             Began as a Naga Ice Elementalist on Feb 22, 2022.
             Slain by an ogre
             ... wielding a +0 giant club
              (13 damage)
             ... on level 4 of the Dungeon.
             The game lasted 00:07:32 (5257 turns).

mcwallace the Sneak (Naga Ice Elementalist)         Turns: 5257, Time: 00:07:33

Health: -2/55      AC: 11    Str: 16    XL:     6   Next: 62%
Magic:  3/11       EV: 10    Int: 18    God:
Gold:   194        SH:  0    Dex: 11    Spells: 4/11 levels left

rFire   . . .      SeeInvis +   i - +2 short sword (venom) {short}
rCold   . . .      Faith    .   (no shield)
rNeg    . . .      Spirit   .   a - +0 robe
rPois   +          Reflect  .   (no helmet)
rElec   .          Harm     .   J - +0 cloak
rCorr   .          Rampage  .   k - +0 pair of gloves
Will    .....                   (no barding)
Stlth   +++.......              (no amulet)
HPRegen 0.18/turn               x - +6 ring of strength
MPRegen 0.12/turn               (no ring)

@: ice-armoured, very slow
A: AC +2, large, see invisible, deformed body, poison resistance, slowness 2,
spit poison 1, naga tail 1
a: Spit Poison


You were on level 4 of the Dungeon.
You visited 1 branch of the dungeon, and saw 4 of its levels.

You collected 194 gold pieces.


Innate Abilities, Weirdness & Mutations

Your serpentine skin is tough. (AC +2)
You have supernaturally acute eyesight. (SInv)
Armour fits poorly on your strangely shaped body.
Your system is resistant to poisons. (rPois)
You cover ground very slowly.
You can spit poison.
You have a snake-like lower body.


   Skills:
 + Level 2.5 Fighting
 + Level 0.4 Armour
 + Level 2.8 Dodging
 - Level 5.0 Stealth
 + Level 3.3 Spellcasting
 + Level 4.9 Ice Magic


You had 4 spell levels left.
You knew the following spells:

 Your Spells              Type           Power      Damage    Failure   Level
a - Freeze                Ice            80%        1d9       1%          1
b - Frozen Ramparts       Ice            40%        1d6       6%          3
c - Ozocubu's Armour      Ice            20%        N/A       6%          3

Your spell library contained the following spells:

 Spells                   Type           Power      Damage    Failure   Level
 Animate Skeleton         Necr           6%         N/A       16%         1
 Apportation              Tloc           6%         N/A       16%         1
 Beastly Appendage        Tmut           6%         N/A       16%         1
 Summon Small Mammal      Summ           12%        N/A       16%         1
 Wereblood                Tmut           3%         N/A       24%         2
 Spider Form              Tmut/Pois      3%         N/A       43%         3
 Hailstorm                Conj/Ice       11%        3d5       50%         4
 Alistair's Intoxication  Tmut/Pois      2%         N/A       99%         5

Inventory:

Hand Weapons
 b - a +0 club {mace}
   (You took it off a goblin on level 1 of the Dungeon)
 c - a +0 club {mace}
   (You took it off a goblin on level 1 of the Dungeon)
 d - a +0 short sword {short}
   (You took it off a kobold on level 1 of the Dungeon)
 i - a +2 short sword of venom (weapon) {short}
   (You took it off a kobold on level 1 of the Dungeon)
Missiles
 e - 160 stones {throwing}
 t - 3 boomerangs {throwing}
Armour
 a - a +0 robe (worn)
 k - a +0 pair of gloves (worn)
   (You found it on level 1 of the Dungeon)
 q - a +0 robe
   (You found it on level 2 of the Dungeon)
 u - a +0 chain mail
   (You found it on level 2 of the Dungeon)
 y - a +0 ring mail
   (You took it off an orc on level 3 of the Dungeon)
 z - a +0 robe
   (You found it on level 3 of the Dungeon)
 B - a +0 robe
   (You took it off an orc wizard on level 3 of the Dungeon)
 C - a +0 robe
   (You took it off an orc wizard on level 3 of the Dungeon)
 D - a +0 leather armour
   (You took it off an orc on level 3 of the Dungeon)
 I - a +0 leather armour
   (You found it on level 4 of the Dungeon)
 J - a +0 cloak (worn)
   (You found it on level 4 of the Dungeon)
 L - a +0 leather armour
   (You took it off a goblin on level 4 of the Dungeon)
Jewellery
 x - a +6 ring of strength (left hand)
   (You found it on level 3 of the Dungeon)
Scrolls
 l - 3 scrolls of noise {unknown}
 m - a scroll of blinking {unknown}
 n - 2 scrolls of magic mapping {unknown}
 o - a scroll of holy word {unknown}
 p - a scroll of immolation {unknown}
 r - 4 scrolls of identify {unknown}
 s - a scroll of teleportation {unknown}
 v - a scroll of acquirement {unknown}
 A - a scroll of enchant armour {unknown}
 E - a scroll of silence {unknown}
 F - 2 scrolls of fear {unknown}
 H - 3 scrolls of vulnerability {unknown}
 K - a scroll of enchant weapon {unknown}
Potions
 f - a potion of attraction {unknown}
 g - a potion of haste {unknown}
 h - 3 potions of heal wounds {unknown}
 j - a potion of flight {unknown}
 w - 2 potions of brilliance {unknown}
 G - 2 potions of curing {unknown}

Dungeon Overview and Level Annotations

Branches:
Dungeon (4/15)
 Temple: D:4-7

Altars:

Shops:
D:4

* ######.# ##+##
#......# #. #.#########
#. #.........# ##.###
#.#######.###.... #.#
#.##..... ##.##### #.#
#...# #......# #.# #.O#
#
##.###.###.#####@#.##.#
#.# #................#
#.#######.############
#.........# ###########


You could see an ogre (extremely poisoned).


Message History

* * * LOW HITPOINT WARNING * * *
The phantom blinks!
You blink. 😱 HP[-1]
You take 1 damage, and now have 8/55 hp.
You hit the phantom but do no damage. The phantom barely misses you.
You hit the phantom.
The phantom hits you but does no damage.
You closely miss the phantom. The phantom hits you.
* * * LOW HITPOINT WARNING * * *
The phantom blinks!
You blink.
The phantom hits you.
* * * LOW HITPOINT WARNING * * *
The phantom blinks!
You blink. 😱 HP[-5]
You take 5 damage, and now have 3/55 hp.
You hit the phantom.
The phantom hits you but does no damage.
Casting: Frozen Ramparts (dangerous; 7% risk of failure)
Confirm with . or Enter, or press ? or * to list all spells.
A film of ice covers your body!
The phantom hits you but does no damage. 😱 MP[-3]
You lost 3 mp, and now have 7/10 mp.
You miss the phantom. The phantom hits you.
* * * LOW HITPOINT WARNING * * *
The phantom blinks!
You blink.
Your icy armour cracks and falls away as you move. 😱 HP[-2]
You take 2 damage, and now have 1/55 hp.
Casting: Ozocubu's Armour (dangerous; 7% risk of failure)
Confirm with . or Enter, or press ? or * to list all spells.
A film of ice covers your body! The phantom barely misses you. 😱 MP[-3]
You lost 3 mp, and now have 4/10 mp.
You hit the phantom. The phantom barely misses you. 😱 HP[+1]
You hit the phantom.
You destroy the phantom!
Your icy armour starts to melt.
Your icy armour evaporates.
Key pressed, stopping explore.
L - a +0 leather armour;
G - 2 yellow potions (gained 1)
You now have 194 gold pieces (gained 13).
You see here a +0 club {mace}.
There is an open door here.
An ogre comes into view.
It is wielding a +0 giant club. 😎 HP[+53] MP[+7]
Your hp is fully restored (55).
Your mp is fully restored (11).
What are your orders? t - Shout!
Orders for allies: a - Attack new target. r - Retreat! s - Stop attacking. g - Guard the area. f - Follow me.
Anything else - Cancel.
You shout for attention!
The ogre shouts!
Casting: Ozocubu's Armour (dangerous; 6% risk of failure)
Confirm with . or Enter, or press ? or * to list all spells.
Casting: Frozen Ramparts (dangerous; 6% risk of failure)
Press: ? - help, Dir - look around, f - activate You miscast Frozen Ramparts.
You are very lightly contaminated with residual magic.
Nothing appears to happen. 😎 MP[-3]
You lost 3 mp, and now have 8/11 mp.
Casting: Frozen Ramparts (dangerous; 6% risk of failure)
Confirm with . or Enter, or press ? or * to list all spells.
Casting: Frozen Ramparts (dangerous; 6% risk of failure)
Press: ? - help, Dir - look around, f - activate The walls around you are covered in ice. 😎 MP[-3]
You lost 3 mp, and now have 5/11 mp.
Casting: Frozen Ramparts (dangerous; 6% risk of failure)
Confirm with . or Enter, or press ? or * to list all spells.
A film of ice covers your body! 😎 MP[-3]
You lost 3 mp, and now have 2/11 mp.
The wall freezes the ogre.
The wall freezes the ogre.
You hit the ogre.
The wall freezes the ogre.
The ogre hits you with a +0 giant club!! 😮 HP[-25]
You take 25 damage, and now have 30/55 hp.
MASSIVE DAMAGE!! (PAUSE)
You barely miss the ogre. You punch the ogre.
The wall freezes the ogre.
The ogre hits you with a +0 giant club!!
* * * LOW HITPOINT WARNING * * *
Your magical contamination has completely faded away. 😱 HP[-19]
You take 19 damage, and now have 11/55 hp.
MASSIVE DAMAGE!! (PAUSE)
You hit the ogre.
The ogre is poisoned.
The frozen ramparts melt away.
The ogre closely misses you. 😱 MP[+1]
You hit the ogre.
The ogre looks as sick as possible!
The ogre hits you with a +0 giant club!
You die...

Skill      XL: |  1  2  3  4  5  6 |
---------------+-------------------+-----
Fighting       | 1 2 |  2.5
Dodging        | 2 |  2.8
Stealth        | 4 5 |  5.0
Spellcasting   | 3 |  3.3
Armour         | |  0.4
Ice Magic      | |  4.9

Action                   |  1- 3 |  4- 6 || total
-------------------------+-------+-------++-------
Melee: Unarmed           |    10 |       ||    10
       Short sword       |    32 |   101 ||   133
       Punch             |       |     1 ||     1
 Cast: Freeze            |    32 |     9 ||    41
       Frozen Ramparts   |       |     3 ||     3
       Ozocubu's Armour  |       |     3 ||     3
 Abil: Spit Poison       |     5 |       ||     5
 Stab: Sleeping          |     2 |     8 ||    10
Armor: Robe              |    10 |    22 ||    32
Dodge: Dodged            |    33 |    39 ||    72

Levels and vault maps discovered:
D:1:      minmay_arrival_four_houses, layout_basic, serial_bayou,
          serial_bayou_pond_c, serial_bayou_shore_a, serial_bayou_shore_b,
          serial_bayou_lake_a, serial_bayou_crossing, serial_bayou_pond_c
D:2:      layout_loops_corners, shapermc_ecumenical_altar_notcrosses,
          minmay_crystal_room
D:3:      layout_basic, kennysheep_generic_room_13
D:4:      layout_loops_corners, nicolae_elemental_shop, hangedman_glass_teeth,
          solitary_fountain

Notes
Turn   | Place    | Note
-------+----------+-------------------------------------------
     0 | D:1      | mcwallace the Naga Ice Elementalist began the quest for the
                  | Orb.
     0 | D:1      | Reached XP level 1. HP: 15/15 MP: 3/3
     0 | D:1      | magus.rc [v1.9.6]
   108 | D:1      | HP: 1/15 [goblin/+0 club (3)]
   415 | D:1      | Reached XP level 2. HP: 20/24 MP: 1/5
  1587 | D:2      | Reached XP level 3. HP: 28/30 MP: 6/6
  1591 | D:2      | Learned a level 3 spell: Frozen Ramparts
  1610 | D:2      | Reached skill level 1 in Fighting
  1867 | D:2      | Found a faded altar of an unknown god.
  2149 | D:2      | Reached skill level 2 in Dodging
  2568 | D:2      | Reached XP level 4. HP: 30/38 MP: 1/7
  2683 | D:2      | Reached skill level 4 in Stealth
  2770 | D:2      | You fall into a shaft and drop 1 floor!
  2778 | D:3      | You pick up a book of Changes and begin reading...
  2778 | D:3      | You add the spells Beastly Appendage, Wereblood and Spider
                  | Form to your library.
  3115 | D:3      | Learned a level 3 spell: Ozocubu's Armour
  3452 | D:3      | You pick up a book of Cantrips and begin reading...
  3452 | D:3      | You add the spells Animate Skeleton, Summon Small Mammal
                  | and Apportation to your library.
  3703 | D:3      | Reached XP level 5. HP: 39/45 MP: 9/9
  3936 | D:2      | Reached skill level 2 in Fighting
  4014 | D:4      | Found Kullofo's Elemental Accessories.
  4212 | D:4      | You pick up a book of Party Tricks and begin reading...
  4256 | D:4      | Reached skill level 3 in Spellcasting
  4490 | D:4      | Reached XP level 6. HP: 52/52 MP: 10/10
  4497 | D:4      | Reached skill level 5 in Stealth
  4862 | D:4      | HP: 9/55 [phantom (6)]
  4869 | D:4      | HP: 5/55 [phantom (4)]
  4872 | D:4      | HP: 1/55 [phantom (2)]
  5255 | D:4      | HP: 11/55 [ogre/+0 giant club (19)]
  5257 | D:4      | Slain by an ogre

Vanquished Creatures
  A phantom (D:4)
  2 hounds
  A bullfrog skeleton (D:4)
  An iguana (D:4)
  2 orc wizards (D:3)
  A hound skeleton (D:4)
  4 adders
  A dart slug (D:2)
  4 orcs
  7 endoplasms
  2 giant cockroaches
  11 goblins
  9 hobgoblins
  3 quokkas
  6 ball pythons
  3 bats
  2 frilled lizards (D:2)
  9 kobolds
  A rat (D:3)
70 creatures vanquished.

Table legend:
 A = Non-vault XP
 B = Vault XP
 C = Vault XP percentage of total XP
 D = Non-vault monster count
 E = Vault monster count
 F = Vault count percentage of total count
                 A         B        C        D         E       F
            +---------+---------+-------+---------+---------+-------
      Total |     506 |       0 |   0.0 |      70 |       0 |   0.0
            +---------+---------+-------+---------+---------+-------
        D:1 |      32 |       0 |   0.0 |      19 |       0 |   0.0
        D:2 |      70 |       0 |   0.0 |      19 |       0 |   0.0
        D:3 |     146 |       0 |   0.0 |      16 |       0 |   0.0
        D:4 |     258 |       0 |   0.0 |      16 |       0 |   0.0
            +---------+---------+-------+---------+---------+-------

Illustrated notes

Table legend:
 A = Kills in this place as a percentage of kills in entire the game.
 B = Kills by you in this place as a percentage of kills by you in the entire game.
 C = Kills by friends in this place as a percentage of kills by friends in the entire game.
 D = Other kills in this place as a percentage of other kills in the entire game.
 E = Experience gained in this place as a percentage of experience gained in the entire game.
 F = Experience gained in this place divided by the number of levels of this place that you have seen.
                   A       B       C       D       E      F
               +-------+-------+-------+-------+-------+----------------------
         Total | 100.0 | 100.0 |   N/A |   N/A | 100.0 | 126.5
       Dungeon | 100.0 | 100.0 |   N/A |   N/A | 100.0 | 126.5
               +-------+-------+-------+-------+-------+----------------------

Table legend: (Time is in decaauts)
 A = Elapsed time spent in this place.
 B = Non-inter-level travel time spent in this place.
 C = Inter-level travel time spent in this place.
 D = Time resting spent in this place.
 E = Time spent auto-exploring this place.
 F = Levels seen in this place.
 G = Mean time per level.
                   A        B        C        D        E       F      G
               +--------+--------+--------+--------+--------+-----+--------+
         Total |   6563 |   6451 |    112 |    274 |   5508 |   4 | 1640.8 |
       Dungeon |   6563 |   6451 |    112 |    274 |   5508 |   4 | 1640.8 |
               +--------+--------+--------+--------+--------+-----+--------+

Top non-repeatable levels by time:
     D:1: 1993 daAuts
     D:2: 1612 daAuts
     D:4: 1484 daAuts
     D:3: 1472 daAuts
